 Dungeon Crawl Stone Soup version 0.30.1-3-gfc49f6343a (webtiles) character file.

Game seed: 8994964754327341714

2636 croobank the Covert (level 9, -8/57 (59) HPs)
             Began as an Octopode Delver on July 18, 2023.
             Was an Initiate of Gozag.
             Mangled by a wight
             ... wielding a +3 long sword
              (20 damage)
             ... on level 7 of the Dungeon on July 19, 2023.
             The game lasted 00:38:24 (6916 turns).

croobank the Covert (Octopode Delver)               Turns: 6916, Time: 00:38:25

HP:   -8/57 (59)    AC:  1    Str: 11    XL:     9   Next: 61%
MP:   18/18         EV: 14    Int: 16    God:    Gozag
Gold: 798           SH:  0    Dex: 14    Spells: 10/20 levels left

rFire   . . .        o - +3 dagger (venom)
rCold   . . .        (no shield)
rNeg    . . .        (helmet restricted)
rPois   .            (no amulet)
rElec   .            (no ring)
rCorr   .            (no ring)
SInv    .            (no ring)
Will    .....        (no ring)
Stlth   +++++        (no ring)
HPRegen 0.29/turn    (no ring)
MPRegen 0.16/turn    (no ring)
                     (no ring)

%: no passive effects
@: studying Fighting, lightly drained
A: almost no armour, amphibious, 8 rings, camouflage 1, gelatinous body 1,
(nimble swimmer 1), tentacles
a: Renounce Religion, Potion Petition, Call Merchant, Bribe Branch


You were on level 7 of the Dungeon.
You worshipped Gozag.
Gozag was pleased with you.
You visited 2 branches of the dungeon, and saw 8 of its levels.

You collected 885 gold pieces.
You paid 87 gold pieces to Gozag.

Inventory:

Hand Weapons
 a - a +0 short sword
 c - a +1 war axe of flaming
 o - a +3 dagger of venom (weapon)
 r - a +3 long sword
 u - a +1 flail of holy wrath
 w - a +4 whip
 x - a +4 quarterstaff of chaos
 y - a +2 halberd of freezing
Missiles
 i - 4 atropa-tipped darts (quivered)
 k - 13 poisoned darts
Armour
 j - a +1 buckler
Magical Staves
 B - the staff of cold "Amuhe" {rPois rC+ Str+4 Int-2}
   (You found it on level 6 of the Dungeon)

   [staff of cold]

   Base accuracy: +5 Base damage: 5 Base attack delay: 1.2 This weapon's minimum
   attack delay (0.6) is reached at skill level 12.
   Str:       It affects your strength (+4).
   Int:       It affects your intelligence (-2).
   rC:        It protects you from cold.
   rPois:     It protects you from poison.
   It falls into the 'Staves' category.
   It is a one-tentacled weapon.
Wands
 f - a wand of digging (1)
 s - a wand of mindburst (4)
 t - a wand of flame (23)
Scrolls
 b - 2 scrolls of fog
 g - 6 scrolls of teleportation
 l - a scroll of fear
 m - a scroll of enchant armour
 n - a scroll of torment
 C - a scroll of silence {unknown}
Potions
 d - 5 potions of mutation
 e - a potion of might
 h - a potion of ambrosia
 p - a potion of attraction
 q - a potion of resistance
 z - a potion of lignification {unknown}
 A - 3 potions of flight {unknown}


   Skills:
 - Level 4.5 Fighting
 - Level 4.0 Short Blades
 - Level 4.0 Dodging
 - Level 8.3 Stealth
 + Level 6.3 Spellcasting
 + Level 2.2 Conjurations
 + Level 2.1 Summonings
 + Level 6.9 Air Magic


You had 10 spell levels left.
You knew the following spells:

 Your Spells              Type           Power      Damage    Failure   Level
a - Static Discharge      Conj/Air       38%        2-4/arc   3%          2
b - Airstrike             Air            13%        2d(2-18)  8%          4
c - Summon Lightning Spi  Summ/Air       19%        N/A       21%         4

Your spell library contained the following spells:

 Spells                   Type           Power      Damage    Failure   Level
 Confusing Touch          Hex            5%         N/A       36%         3
 Discord                  Hex            2%         N/A       100%        8


Dungeon Overview and Level Annotations

Branches:
Dungeon (7/15)             Temple (1/1) D:4

Altars:
Ashenzari
Cheibriados
Dithmenos
Elyvilon
Fedhas
Gozag
Hepliaklqana
Kikubaaqudgha
Makhleb
Nemelex Xobeh
Qazlal
Sif Muna
Trog
Uskayaw
Vehumet
Wu Jian
Yredelemnul
Zin
The Shining One


Innate Abilities, Weirdness & Mutations

You cannot wear most types of armour.
You are amphibious.
You can wear up to eight rings at the same time.
Your skin changes colour to match your surroundings (Stealth+).
Your rubbery body absorbs attacks. (AC +1, EV +1)
((You are camouflaged when in or above water. (Stealth+)))
You have tentacles for arms and can constrict up to eight enemies at once.


Message History

Press: ? - help, Q - select action, (/) - cycle Shift-Dir - straight line, f - bullfrog
Aim: a bullfrog (almost dead, constricted by you, very poisoned, 90% to hit)
You throw a throwing net. The throwing net hits the bullfrog.
The bullfrog is caught in the net!
The bullfrog is almost dead.
You constrict the bullfrog.
You kill the bullfrog!
Your life force feels restored.
You now have 798 gold pieces (gained 4).
v - 3 throwing nets (gained 1)
You start resting.
Your magical contamination has completely faded away.
You start resting.
Magic restored.
You start resting.
A wight comes into view. It is wielding a +3 long sword.
Throw: 3 throwing nets
Press: ? - help, Q - select action, (/) - cycle Shift-Dir - straight line, f - wight
Aim: a wight, wielding a +3 long sword and wearing a +0 robe (wandering, hasn't noticed you, 60% to hit)
You throw a throwing net.
The throwing net completely misses the wight.
Throw: 2 throwing nets
Press: ? - help, Q - select action, (/) - cycle Shift-Dir - straight line, f/p - wight
Aim: a wight, wielding a +3 long sword and wearing a +0 robe (60% to hit)
You throw a throwing net.
The throwing net barely misses the wight.
Throw: throwing net
Press: ? - help, Q - select action, (/) - cycle Shift-Dir - straight line, f/p - wight
Aim: a wight, wielding a +3 long sword and wearing a +0 robe (60% to hit)
You throw a throwing net.
The throwing net closely misses the wight.
The wight hits you with a +3 long sword!
* * * LOW HITPOINT WARNING * * *
You feel drained.
* * * LOW HITPOINT WARNING * * *
You hit the wight. Your grab misses the wight. Your squeeze misses the wight.
The wight is moderately damaged.
The wight hits you with a +3 long sword!!
You die...
Your body crumbles into a pile of gold.

## #..##### #.# ##...#.. ##
#.###.##.#.# .. #.#.###...# #.
#.## ##### #. ##.## # #.###
#...### # # #...# #.....# #F
###@# #...#.# ... #z# #######.#
.... #####.## #.......# .....
#...(..# #.####..## #
......####...#..###.####.#.####
.....F$$........).......###...+
......####......###......#.####
..... ##.##(## #####.#.## #
.... ####.# #.###


You could see a wight.

Vanquished Creatures
  Edmund (D:4)
  A water moccasin (D:7)
  3 black bears (D:5)
  An ice beast (D:6)
  An ogre (D:5)
  3 phantoms
  A bullfrog (D:7)
  3 scorpions
  9 wights
  3 killer bees (D:5)
  2 howler monkeys
  2 hounds (D:5)
  4 jellies
  Crazy Yiuf (D:5)
  A gnoll bouda (D:4)
  A sleepcap (D:4)
  5 iguanas
  2 orc wizards
  A mummy (D:5)
  18 adders
  4 gnolls (D:4)
  A shadow imp (D:5)
  3 white imps
  3 worms
  3 dart slugs
  9 orcs
  7 bats
  8 endoplasms
  6 giant cockroaches
  3 goblins
  11 hobgoblins
  6 jackals (D:1)
  4 quokkas
  3 ball pythons
  A hobgoblin zombie (D:5)
  4 kobolds
  An orc zombie (D:5)
  6 rats
146 creatures vanquished.

Vanquished Creatures (others)
  An orc wizard (D:3)
1 creature vanquished.

Grand Total: 147 creatures vanquished

Notes
Turn   | Place    | Note
-------+----------+-------------------------------------------
     0 | D:5      | croobank the Octopode Delver began the quest for the Orb.
     0 | D:5      | Reached XP level 1. HP: 16/16 MP: 1/1
    14 | D:5      | Reached XP level 2. HP: 13/21 MP: 2/2
   191 | D:3      | Reached XP level 3. HP: 17/26 MP: 3/3
   248 | D:2      | Found a faded altar of an unknown god.
   253 | D:2      | Reached skill level 7 in Stealth
   579 | D:1      | Reached XP level 4. HP: 31/31 MP: 4/4
  1193 | D:3      | Found a shadowy altar of Dithmenos.
  1352 | D:3      | Reached XP level 5. HP: 22/37 MP: 5/5
  1427 | D:4      | Noticed Edmund
  1787 | D:3      | Found a glowing silver altar of Zin.
  1788 | D:3      | Found a snail-covered altar of Cheibriados.
  1883 | D:3      | Found a hide-covered altar of Uskayaw.
  2023 | D:4      | Killed Edmund
  2024 | D:4      | Reached skill level 8 in Stealth
  2024 | D:4      | Reached XP level 6. HP: 15/43 MP: 6/6
  2446 | D:4      | Found a staircase to the Ecumenical Temple.
  2462 | Temple   | Entered the Ecumenical Temple
  2556 | Temple   | Became a worshipper of Gozag Ym Sagoz the Greedy
  2917 | D:4      | Reached XP level 7. HP: 49/49 MP: 7/7
  3019 | D:4      | Reached skill level 1 in Spellcasting
  3019 | D:4      | Reached skill level 1 in Air Magic
  3444 | D:5      | Found an ornate altar of the Wu Jian Council.
  3789 | D:5      | Identified a scroll of acquirement
  3789 | D:5      | Acquired a manual of Fighting
  3853 | D:5      | Reached XP level 8. HP: 40/54 MP: 10/12
  4410 | D:5      | Found a white marble altar of Elyvilon.
  4595 | D:5      | Reached skill level 5 in Air Magic
  5156 | D:5      | Found a runed translucent door.
  5157 | D:5      | Noticed Crazy Yiuf
  5164 | D:5      | Killed Crazy Yiuf
  5356 | D:6      | Reached skill level 5 in Spellcasting
  5487 | D:6      | Found a shimmering blue altar of Sif Muna.
  5502 | D:6      | Reached XP level 9. HP: 59/59 MP: 15/17
  5522 | D:6      | Learned a level 2 spell: Static Discharge
  5528 | D:6      | Learned a level 4 spell: Airstrike
  5791 | D:6      | Found a white marble altar of Elyvilon.
  5896 | D:6      | Got the Almanac of the Albatross
  5919 | D:6      | Identified the staff of cold "Amuhe" {rPois rC+ Str+4
                  | Int-2}
  5925 | D:6      | Learned a level 4 spell: Summon Lightning Spire
  6310 | D:6      | Reached skill level 1 in Conjurations
  6412 | D:7      | Reached skill level 1 in Summonings
  6916 | D:7      | Mangled by a wight

Illustrated notes

Levels and vault maps discovered:
D:1:      saegor_arrival_simple_e, layout_rooms
D:2:      layout_rooms, chequers_ecumenical_altar_simple_redux,
          nicolae_elevator_lobby_plus
D:3:      layout_basic, nicolae_overflow_quartered_altars
D:4:      cheibrodos_old_hovel, layout_cave_pods, minmay_temple_entry_grid,
          uniq_edmund
D:5:      layout_cave_pools, nicolae_ossuary_entry_giza, minmay_misc_feat_tower,
          hangedman_feature_mirror, grunt_decor_arrowhead,
          minmay_joined_circles, uniq_crazy_yiuf_cottage
D:6:      layout_rooms, old_standard_altar, overflow_temple_1_default,
          chequers_arboretum, kennysheep_generic_room_4
D:7:      layout_loops_corners
Temple:   nicolae_temple_figure_eight

Skill      XL: |  1  2  3  4  5  6  7  8  9 |
---------------+----------------------------+-----
Stealth        | 7 8 |  8.3
Short Blades   | 3 4 |  4.0
Dodging        | 3 4 |  4.0
Fighting       | 4 |  4.5
Spellcasting   | 2 5 6 |  6.3
Air Magic      | 3 5 6 |  6.9
Conjurations   | 2 |  2.2
Summonings     | 2 |  2.1

Action                     |  1- 3 |  4- 6 |  7- 9 || total
---------------------------+-------+-------+-------++-------
  Melee: Short sword       |    61 |    10 |       ||    71
         Constrict         |    11 |    21 |    35 ||    67
         Tentacles         |     9 |    21 |    46 ||    76
         Dagger            |       |    73 |   167 ||   240
         Punch             |       |       |     6 ||     6
  Throw: Dart              |       |       |    22 ||    22
         Throwing net      |       |       |    12 ||    12
   Cast: Static Discharge  |       |       |    20 ||    20
         Airstrike         |       |       |     3 ||     3
  Evoke: Wand              |       |    15 |     1 ||    16
    Use: Scroll            |     1 |     6 |    11 ||    18
         Potion            |     1 |     2 |       ||     3
   Stab: Sleeping          |     9 |    12 |    14 ||    35
         Distracted        |       |       |     2 ||     2
         Held in net/web   |       |       |     3 ||     3
 Armour: Skin              |     4 |     4 |     5 ||    13
  Dodge: Dodged            |    29 |    45 |    99 ||   173
